Map: [ESL] Royal Blood

Players

HeroMarine

  • Race: Terran Terran
  • Spawn Location: 7:00

Spirit - Winner!

  • Race: Terran Terran
  • Spawn Location: 1:00

Event: ESL SC2 Masters 2023 Summer (Finals)

VOD

Have the link to the VOD?

Description

Time

  • Played on: June 17, 2023, 7:39 a.m.
  • Length: 19:13

All games in this series

Show
View Real Time Build Order
Export as new Build Order

HeroMarine Terran 

Build Orders:  

Get SALT Encoding   

  12  0:00  SCV  
  13  0:12  SCV  
  14  0:17  Supply Depot  
  14  0:24  SCV  
  15  0:38  SCV  
  15  0:40  Barracks  
  16  0:43  Refinery  
  16  0:50  SCV  
  16  0:53  Refinery  
  17  1:02  SCV  
  18  1:15  SCV  
  19  1:27  Orbital Command, Barracks Reactor  
  19  1:31  Supply Depot  
  19  1:42  Factory  
  19  1:52  SCV  
  20  2:03  Reaper x2  
  20  2:05  SCV  
  23  2:17  SCV  
  24  2:26  Hellion  
  26  2:36  Reaper  
  27  2:38  Reaper  
  27  2:43  Command Center  
  27  2:48  Hellion  
  29  2:51  Supply Depot  
  29  2:54  SCV  
  30  3:06  SCV  
  31  3:13  Starport  
  31  3:15  Factory Tech Lab  
  31  3:16  Marine  
  31  3:18  Marine, SCV  
  33  3:30  SCV  
  33  3:34  Marine, Cyclone  
  32  3:35  Marine  
  36  3:44  SCV  
  36  3:51  Marine  
  36  3:55  Orbital Command  
  37  3:56  Medivac  
  37  3:57  Marine  
  37  3:58  SCV  
  41  4:09  Marine  
  42  4:10  SCV  
  42  4:14  Marine  
  44  4:17  Cyclone  
  44  4:21  SCV  
  44  4:22  SCV  
  49  4:24  Supply Depot  
  49  4:29  Starport Tech Lab  
  49  4:30  Marine  
  50  4:32  Marine  
  50  4:33  SCV  
  50  4:34  SCV, Refinery  
  51  4:45  SCV  
  50  4:46  SCV  
  50  4:49  Marine  
  50  4:50  Raven, Marine  
  55  4:55  Supply Depot  
  55  4:57  SCV  
  55  4:58  SCV  
  56  5:09  SCV  
  56  5:10  Command Center, Siege Tank  
  56  5:13  SCV  
  61  5:18  Supply Depot  
  61  5:20  Marine x2  
  63  5:24  SCV  
  63  5:25  SCV  
  63  5:26  Raven  
  67  5:36  SCV  
  67  5:37  SCV  
  67  5:39  Marine  
  67  5:40  Marine  
  67  5:41  Supply Depot  
  71  5:48  Siege Tank  
  71  5:49  SCV x2  
  73  5:53  Supply Depot  
  73  6:01  SCV x2  
  75  6:06  Refinery  
  75  6:07  Stimpack, Marine  
  76  6:13  SCV x2, Viking x2  
  82  6:25  Orbital Command, Marine, Barracks, SCV  
  84  6:26  SCV  
  84  6:27  Barracks  
  84  6:32  Siege Tank  
  88  6:37  SCV  
  88  6:38  SCV  
  90  6:43  Marine  
  85  6:49  SCV  
  85  6:50  SCV  
  85  6:53  Orbital Command  
  78  6:55  Viking  
  78  6:56  Viking  
  78  7:00  Marine  
  82  7:01  SCV  
  82  7:02  SCV  
  82  7:06  Engineering Bay  
  82  7:08  Engineering Bay  
  84  7:13  SCV  
  84  7:15  SCV  
  85  7:18  Marine  
  85  7:22  Siege Tank  
  88  7:23  Barracks Reactor x2  
  88  7:25  SCV, Viking  
  88  7:26  Viking  
  88  7:27  Barracks  
  88  7:28  Barracks  
  92  7:31  SCV x2  
  92  7:36  Marine  
  95  7:37  SCV  
  95  7:39  Terran Infantry Weapons Level 1, Terran Infantry Armor Level 1  
  95  7:43  SCV  
  97  7:44  SCV  
  97  7:50  SCV  
  99  7:54  Marine  
  99  7:55  SCV  
  99  7:56  SCV  
  102  8:01  Viking  
  102  8:02  Viking  
  107  8:07  SCV, Refinery, Siege Tank  
  107  8:08  Marine x3, Refinery, Supply Depot  
  107  8:10  Combat Shield, Supply Depot  
  107  8:11  SCV x2, Supply Depot  
  107  8:12  Marine x2  
  117  8:24  Barracks Reactor, Supply Depot  
  117  8:25  Barracks Reactor, Supply Depot  
  117  8:30  Marine x3, SCV  
  117  8:31  SCV  
  117  8:32  Command Center  
  122  8:34  SCV  
  122  8:35  Marine x2  
  125  8:47  Marine x3  
  128  8:48  Armory, Medivac x2  
  128  8:53  Marine x2  
  134  8:56  Siege Tank  
  134  8:59  SCV x2  
  134  9:00  SCV  
  134  9:01  Marine  
  141  9:05  Marine x3  
  141  9:06  Marine  
  141  9:07  Marine  
  141  9:09  Marine  
  147  9:11  Marine x2  
  149  9:18  Marine  
  149  9:23  Marine x3  
  149  9:24  Marine x2  
  149  9:27  Marine  
  149  9:29  Marine, Siege Tank  
  149  9:30  Barracks, Factory  
  156  9:31  Barracks  
  156  9:32  Barracks, Marine  
  157  9:40  Terran Infantry Weapons Level 2, Terran Infantry Armor Level 2  
  157  9:42  Terran Vehicle Weapons Level 1  
  157  9:43  Marine x3  
  157  9:45  Marine, Supply Depot x2  
  160  9:47  Sensor Tower  
  160  9:50  Marine x2  
  160  9:51  Marine x3  
  144  10:01  Marine x3  
  144  10:03  Marine  
  136  10:08  Marine x3  
  136  10:09  Marine  
  141  10:19  Marine x3  
  141  10:20  Siege Tank  
  147  10:21  Marine  
  147  10:22  Barracks Reactor x3  
  147  10:26  Marine x4  
  151  10:36  Marine x3  
  151  10:37  Barracks Reactor  
  151  10:39  Marine, Siege Tank  
  153  10:43  Marine  
  153  10:44  Marine  
  153  10:45  Marine  
  153  10:48  Marine  
  154  10:52  Siege Tank  
  154  10:54  Marine x3  
  154  10:57  Marine  
  159  10:59  Marine x4  
  159  11:00  Medivac x2  
  159  11:01  Marine  
  159  11:02  Planetary Fortress  
  159  11:04  Marine x3  
  169  11:06  Marine x2  
  169  11:07  Command Center  
  174  11:12  Marine x2  
  176  11:25  Siege Tank x2  
  177  11:26  Marine x2  
  177  11:31  Medivac x2  
  181  11:37  Marine x2  
  159  11:42  Marine x2  
  159  11:44  Marine x2  
  159  11:46  Marine x2  
  159  11:47  Marine x8  
  163  11:55  Marine x2  
  163  11:59  Marine  
  163  12:00  Terran Infantry Weapons Level 3  
  166  12:01  Marine, Medivac x2  
  166  12:02  Marine x2  
  166  12:04  Marine x3, Supply Depot  
  166  12:05  Marine x3, Terran Infantry Armor Level 3  
  179  12:09  Marine  
  179  12:10  Marine  
  179  12:11  Marine x2  
  179  12:13  Marine x2  
  180  12:17  Marine  
  180  12:19  Marine x3  
  180  12:20  Siege Tank x2  
  180  12:22  Marine x2  
  180  12:27  Marine x3  
  180  12:28  Marine x3  
  178  12:31  Medivac x2  
  178  12:35  Marine  
  178  12:36  Marine  
  180  12:38  Marine x2  
  180  12:40  Marine  
  180  12:41  Marine x2  
  182  12:45  Marine  
  182  12:46  Marine  
  182  12:47  Marine x2  
  184  12:51  Marine x2  
  184  12:52  Siege Tank  
  184  12:58  Siege Tank  
  190  12:59  Marine  
  190  13:00  Marine  
  190  13:01  Viking  
  190  13:04  Marine x2  
  174  13:24  Siege Tank  
  173  13:33  Viking x2  
  178  13:48  Marine x2  
  160  14:02  Marine x2  
  157  14:03  Viking x2  
  157  14:04  Command Center  
  157  14:06  Marine  
  161  14:11  Marine  
  159  14:20  Marine x2  
  159  14:24  Marine  
  153  14:26  Factory  
  153  14:29  Marine  
  150  14:38  Marine x2  
  156  14:41  Marine  
  136  14:46  Marine  
  126  14:53  Orbital Command  
  126  14:55  Marine x2  
  126  14:59  Marine  
  129  15:04  Marine  
  130  15:08  Starport Reactor  
  130  15:13  Marine  
  116  15:15  Marine  
  116  15:17  Marine  
  113  15:22  Marine, Factory Tech Lab  
  113  15:26  SCV, Factory  
  113  15:28  Barracks x2  
  117  15:31  Marine  
  117  15:33  Marine  
  117  15:35  Marine  
  118  15:38  Barracks  
  118  15:39  SCV  
  118  15:40  Marine  
  118  15:42  Siege Tank  
  123  15:49  Marine  
  124  15:50  Marine  
  124  15:51  SCV  
  124  15:53  Marine  
  124  15:55  Planetary Fortress  
  115  15:58  Marine  
  115  16:03  SCV x3  
  113  16:07  Marine  
  113  16:08  Marine  
  113  16:10  Factory Tech Lab  
  113  16:11  Marine  
  115  16:15  SCV x2  
  115  16:16  Marine  
  114  16:21  Marine x2  
  114  16:24  Marine  
  109  16:26  Marine, Siege Tank  
  109  16:27  SCV, Marine  
  109  16:28  Marine  
  109  16:29  Marine  
  109  16:32  Factory  
  117  16:33  Marine  
  117  16:39  Marine x2, SCV  
  121  16:42  Marine  
  121  16:44  Marine  
  123  16:51  SCV  
  123  16:53  Marine x2  
  126  16:58  Siege Tank  
  129  17:05  SCV  
  129  17:08  Marine x2  
  103  17:10  Marine x3  
  103  17:12  Supply Depot  
  103  17:14  Marine, Supply Depot x2  
  103  17:17  SCV  
  95  17:25  Marine  
  95  17:29  Marine x4, SCV  
  69  17:32  Marine  
  68  17:37  Siege Tank  
  68  17:41  Orbital Command, SCV  
  72  17:44  Marine x2  
  74  17:53  SCV  
  75  18:04  Marine  
  76  18:06  Marine x3  
  76  18:11  Marine  
  76  18:12  Marine x2  
  82  18:17  Siege Tank  
  85  18:23  Marine x2  
  85  18:25  Marine x2  
  86  18:31  Marine x4  
  88  18:41  Marine  
  88  18:42  Viking x2  
  93  18:52  Marine x3  
  93  18:54  Marine x4  
Show
View Real Time Build Order
Export as new Build Order

Spirit Terran - Winner!

Build Orders:  

Get SALT Encoding   

  12  0:00  SCV  
  13  0:12  SCV  
  14  0:17  Supply Depot  
  14  0:24  SCV  
  15  0:38  SCV  
  15  0:39  Barracks  
  16  0:43  Refinery  
  16  0:50  SCV  
  16  0:53  Refinery  
  17  1:03  SCV  
  18  1:15  SCV  
  19  1:26  Reaper  
  19  1:27  Orbital Command  
  20  1:34  Supply Depot  
  20  1:45  Factory  
  20  1:54  SCV  
  21  2:01  Barracks Reactor  
  21  2:06  SCV  
  22  2:21  Command Center  
  22  2:28  Hellion  
  24  2:32  SCV  
  24  2:37  Reaper x2  
  24  2:43  Supply Depot  
  26  2:44  SCV  
  26  2:51  Hellion  
  29  2:56  SCV  
  30  3:05  Starport  
  29  3:08  SCV  
  29  3:10  Marine x2  
  32  3:14  Widow Mine  
  34  3:20  SCV  
  34  3:29  Marine  
  34  3:30  Marine  
  34  3:32  SCV  
  36  3:38  Factory Tech Lab  
  32  3:42  Orbital Command  
  32  3:44  SCV  
  32  3:47  Marine, Starport Tech Lab  
  34  3:48  Marine  
  33  3:57  SCV  
  33  3:58  Cyclone  
  37  4:05  Marine  
  37  4:06  Raven  
  37  4:09  SCV x2  
  42  4:13  Refinery  
  42  4:19  Marine  
  42  4:21  SCV x2  
  45  4:24  Supply Depot  
  45  4:28  Marine  
  46  4:33  SCV x2  
  46  4:34  Supply Depot  
  46  4:36  Siege Tank  
  51  4:42  Marine  
  51  4:45  SCV x2  
  52  4:46  Marine  
  52  4:50  Raven  
  55  4:57  SCV x2  
  55  4:59  Marine  
  57  5:03  Marine  
  59  5:09  SCV x2, Siege Tank  
  59  5:13  Supply Depot x2  
  64  5:17  Marine  
  65  5:21  SCV x2, Marine  
  65  5:26  Raven  
  70  5:33  Command Center  
  70  5:35  SCV x2  
  72  5:41  Siege Tank  
  73  5:47  SCV  
  73  5:48  SCV  
  72  5:51  Refinery  
  72  5:56  Supply Depot  
  72  5:58  Barracks  
  72  5:59  Barracks, SCV  
  72  6:03  SCV  
  74  6:08  Supply Depot  
  74  6:10  Viking  
  74  6:11  SCV, Viking  
  79  6:22  Stimpack  
  79  6:24  SCV x2  
  81  6:30  Siege Tank  
  84  6:36  SCV  
  85  6:40  SCV, Viking  
  85  6:47  SCV  
  79  6:54  SCV  
  79  6:58  Barracks Reactor x2  
  75  7:02  Siege Tank  
  75  7:06  Orbital Command  
  75  7:07  SCV x2, Marine  
  80  7:10  Engineering Bay x2  
  78  7:18  Viking x2  
  78  7:19  SCV x2  
  78  7:20  Orbital Command  
  81  7:25  Marine  
  81  7:26  Barracks  
  81  7:29  Barracks  
  82  7:31  SCV x2  
  84  7:37  Supply Depot  
  84  7:39  Terran Infantry Weapons Level 1, Terran Infantry Armor Level 1  
  84  7:43  SCV x2  
  86  7:45  Marine x3  
  89  7:53  SCV  
  89  7:57  Siege Tank  
  89  7:58  SCV x2  
  94  7:59  Marine  
  94  8:02  Marine  
  94  8:03  Marine, Medivac  
  99  8:06  SCV, Supply Depot  
  99  8:07  Supply Depot  
  99  8:10  SCV  
  99  8:11  Combat Shield  
  99  8:12  Marine  
  102  8:19  Marine, SCV  
  104  8:21  SCV, Barracks Reactor, Refinery, Marine  
  104  8:22  Barracks Reactor  
  104  8:23  Marine x2  
  109  8:30  Marine  
  110  8:37  Marine  
  110  8:39  Marine, Medivac  
  110  8:40  Marine  
  114  8:41  Refinery  
  114  8:42  Supply Depot  
  114  8:43  Marine, Medivac, Command Center  
  114  8:48  Marine  
  118  8:50  Supply Depot  
  118  8:52  Siege Tank  
  118  8:54  Marine  
  122  8:56  Marine  
  122  8:58  Marine x2  
  122  9:00  Marine  
  122  9:01  Marine, Supply Depot  
  125  9:03  Sensor Tower  
  125  9:05  Marine x2  
  125  9:07  Marine  
  127  9:12  Marine  
  127  9:14  Marine  
  127  9:15  Medivac  
  127  9:16  Marine x2  
  133  9:18  Marine  
  133  9:19  Marine  
  133  9:23  Marine x2, Medivac  
  133  9:24  Siege Tank  
  141  9:25  Marine  
  141  9:26  Supply Depot  
  141  9:28  Armory  
  141  9:30  Marine, Supply Depot  
  143  9:32  Marine  
  143  9:34  Marine x2  
  143  9:36  Marine  
  143  9:37  Marine  
  148  9:40  Marine  
  149  9:47  Marine x2, SCV x3  
  149  9:48  Marine  
  149  9:50  Marine  
  149  9:52  Marine x2  
  157  9:54  Marine  
  157  9:55  Marine  
  157  9:56  Siege Tank  
  157  9:58  Marine  
  138  10:05  Marine x2  
  138  10:06  Marine  
  118  10:08  Marine  
  118  10:09  Marine x2  
  118  10:12  Marine  
  118  10:13  Marine  
  119  10:15  SCV  
  119  10:16  Marine  
  121  10:22  Marine  
  121  10:23  Marine x2, SCV  
  121  10:25  Marine  
  121  10:27  Marine x2  
  121  10:28  Siege Tank  
  131  10:29  Marine  
  131  10:30  Marine  
  131  10:34  Marine  
  132  10:40  Marine x2  
  132  10:41  Marine  
  134  10:43  Marine  
  134  10:45  Marine x2  
  134  10:46  Terran Infantry Weapons Level 2, Terran Infantry Armor Level 2  
  134  10:47  Marine  
  134  10:48  Marine  
  139  10:50  Planetary Fortress  
  139  10:52  Marine  
  139  10:58  Marine x2  
  139  10:59  Marine  
  139  11:00  SCV x2, Siege Tank  
  139  11:01  Marine  
  139  11:03  Marine x2  
  150  11:05  Marine, SCV  
  150  11:06  Marine  
  150  11:09  Marine  
  154  11:12  SCV x2  
  154  11:16  Marine x2  
  154  11:17  Marine  
  154  11:18  SCV  
  159  11:21  Marine  
  159  11:24  SCV  
  158  11:26  Marine x4  
  158  11:27  Marine  
  158  11:32  Siege Tank  
  159  11:34  Marine x2  
  159  11:38  Marine  
  159  11:39  Marine  
  149  11:44  Marine x3  
  149  11:46  Marine, SCV  
  152  11:47  Marine  
  152  11:50  Viking x2  
  152  11:52  Marine  
  158  11:56  Marine  
  158  11:57  Marine x2  
  158  11:58  SCV  
  158  11:59  SCV  
  158  12:00  SCV  
  164  12:02  Marine x3  
  164  12:03  Marine  
  164  12:04  SCV, Supply Depot  
  164  12:05  Marine  
  164  12:06  Supply Depot  
  170  12:09  Marine  
  170  12:10  SCV  
  172  12:19  Marine  
  172  12:23  Marine  
  172  12:26  Liberator x2, Marine x2, Siege Tank  
  172  12:27  Marine  
  171  12:33  Marine x3  
  171  12:34  SCV, Marine  
  171  12:36  Marine  
  166  12:41  Marine  
  166  12:43  Marine  
  159  12:44  Marine  
  159  12:45  Marine  
  159  12:51  Marine x3  
  161  12:58  Siege Tank  
  163  13:03  Marine x2  
  163  13:04  Marine  
  166  13:08  Liberator  
  166  13:10  Marine  
  159  13:13  Marine  
  159  13:14  Liberator  
  159  13:17  Marine  
  159  13:18  Marine  
  159  13:19  Marine  
  159  13:20  Marine  
  159  13:21  Marine  
  159  13:22  Marine  
  159  13:26  Marine  
  155  13:28  Marine  
  155  13:31  Marine  
  156  13:35  Marine  
  156  13:38  Siege Tank  
  156  13:39  Marine  
  151  13:43  Orbital Command  
  151  13:44  Marine x5  
  151  13:46  Marine  
  156  13:58  Supply Depot  
  149  14:15  Marine x2  
  149  14:17  Marine  
  149  14:20  Medivac x2  
  145  14:24  Supply Depot  
  145  14:25  Marine, Supply Depot  
  145  14:27  Siege Tank  
  146  14:34  Marine  
  146  14:35  Marine  
  142  14:39  Marine  
  142  14:42  Marine  
  134  14:51  Marine  
  134  14:54  Marine  
  135  15:03  Marine  
  135  15:06  Marine  
  131  15:11  Orbital Command  
  119  15:15  Medivac  
  119  15:18  Marine  
  111  15:21  Marine x4  
  111  15:26  Marine  
  116  15:28  Refinery  
  116  15:32  Marine, Refinery  
  116  15:33  Marine  
  118  15:36  Marine  
  118  15:38  Refinery  
  119  15:42  Marine  
  119  15:43  Marine  
  119  15:44  Marine  
  119  15:46  Marine  
  123  15:53  Marine  
  123  15:56  Marine  
  121  15:57  Marine  
  121  15:59  Marine  
  123  16:05  Marine x3  
  123  16:06  Marine  
  123  16:08  Marine  
  123  16:10  Marine  
  126  16:14  Marine  
  126  16:15  Marine  
  126  16:18  Marine  
  124  16:23  Marine x2  
  126  16:25  Marine  
  126  16:32  Refinery  
  127  16:33  Marine x2  
  127  16:39  Siege Tank  
  133  16:52  Liberator  
  132  17:02  Marine  
  132  17:06  Marine x6  
  133  17:09  Marine  
  134  17:20  Marine  
  120  17:23  Marine  
  120  17:24  Marine  
  120  17:28  Marine  
  120  17:29  Marine  
  107  17:38  Marine x2, Siege Tank  
  107  17:39  Marine  
  113  17:44  Marine  
  113  17:47  Marine x2  
  116  17:58  Marine  
  117  18:00  Marine  
  117  18:05  Marine  
  119  18:07  Marine  
  119  18:09  Marine  
  119  18:10  Siege Tank  
  123  18:13  Marine  
  123  18:15  Marine  
  123  18:19  Marine  
  126  18:23  Marine  
  115  18:38  Marine x2  
  115  18:41  Marine  
  116  18:42  Marine  
  120  18:48  Marine  
  120  18:49  Marine  
  120  18:55  Marine  
Tags
 
Add a new tag
Caveats
  • Supply blocks, unpowered buildings, or Contaminate may cause inaccurate times.
  • Supply counts are checked every 10 seconds.